 Dungeon Crawl Stone Soup version 0.26.1-2-gb8aa6d0cf2 (webtiles) character file.

Game seed: 9757997657348877196

129626 raph the Lord of Darkness (level 16, -2/87 HPs)
             Began as a Deep Elf Earth Elementalist on Mar 16, 2021.
             Was the Champion of Kikubaaqudgha.
             Hit by a silver javelin thrown by a merfolk javelineer (19 damage)
             ... on level 4 of the Shoals on Mar 17, 2021.
             The game lasted 02:15:02 (47205 turns).

raph the Lord of Darkness (DEEE)                   Turns: 47205, Time: 02:15:02

Health: -2/87      AC: 19    Str:  6    XL:     16   Next: 51%
Magic:  28/46      EV: 17    Int: 32    God:    Kikubaaqudgha [******]
Gold:   1087       SH: 13    Dex: 16    Spells: 2/45 levels left

rFire    . . .     SeeInvis .   w - staff of death
rCold    + + .     Faith    .   Y - +3 buckler
rNeg     + . .     Spirit   .   P - +1 leather armour of the Devil's Team {*Drain rC+ MP+9 Slay+2}
rPois    +         Reflect  +   o - +2 helmet
rElec    .         Harm     .   X - +2 cloak {rCorr}
rCorr    +         Rampage  .   L - +1 pair of gloves "Caakhol" {Slay+3}
Will     +++..                  s - +2 pair of boots
Stlth    ++++......             H - amulet "Noridonexu" {Reflect rPois rC+ Int+3 SH+5}
HPRegen  0.24/turn              Z - ring of the Mage {Wiz Will++ Int+3}
MPRegen  0.30/turn              f - ring "Poapil Tadgh" {AC+4 Slay+6}

@: no status effects
A: no striking features
a: Renounce Religion, Receive Corpses, Torment


You were on level 4 of the Shoals.
You worshipped Kikubaaqudgha.
Kikubaaqudgha was exalted by your worship.
You visited 6 branches of the dungeon, and saw 29 of its levels.
You also visited: Ossuary and Ice Cave.

You collected 3721 gold pieces.
You spent 2634 gold pieces at shops.

Inventory:

Hand Weapons
 a - a +5 dagger of pain
 z - a +7 dagger of draining
 O - a +1 dagger of holy wrath
 R - a +4 dagger
Missiles
 u - 870 stones
Armour
 o - a +2 helmet (worn)
 s - a +2 pair of boots (worn)
 A - +0 fire dragon scales
 L - the +1 pair of gloves "Caakhol" (worn) {Slay+3}
   (You found it on level 4 of the Lair of Beasts)

   It affects your accuracy and damage with ranged weapons and melee attacks
   (+3).
 M - a +0 hat of intelligence
 P - the +1 leather armour of the Devil's Team (worn) {*Drain rC+ MP+9 Slay+2}
   (You took it off an orc on level 10 of the Dungeon)

   It affects your accuracy and damage with ranged weapons and melee attacks
   (+2).
   It protects you from cold.
   It affects your magic capacity (+9).
   It causes draining when unequipped.
 X - a +2 cloak of preservation (worn)
 Y - a +3 buckler (worn)
Magical Staves
 b - an uncursed staff of earth
 w - an uncursed staff of death (weapon)
Jewellery
 d - a +6 ring of intelligence
 f - the ring "Poapil Tadgh" (right hand) {AC+4 Slay+6}
   (You found it on level 1 of the Lair of Beasts)

   [ring of protection]

   It affects your AC (+4).
   It affects your accuracy and damage with ranged weapons and melee attacks
   (+6).
 i - the ring "Ibeudyr" {rF+ Int+3}
   (You found it on level 13 of the Dungeon)

   [ring of protection from fire]

   It affects your intelligence (+3).
   It protects you from fire.
 H - the amulet "Noridonexu" (around neck) {Reflect rPois rC+ Int+3 SH+5}
   (You bought it in a shop on level 2 of the Shoals)

   [amulet of reflection]

   It shields you and reflects attacks.
   It affects your intelligence (+3).
   It protects you from cold.
   It protects you from poison.
   It affects your SH (+5).
 S - the amulet "Jovvizuxt" {Reflect Dex+4 SH+5}
   (You bought it in a shop on level 2 of the Orcish Mines)

   [amulet of reflection]

   It shields you and reflects attacks.
   It affects your dexterity (+4).
   It affects your SH (+5).
 Z - the ring of the Mage (left hand) {Wiz Will++ Int+3}
   (You bought it in a shop on level 2 of the Shoals)

   [ring of wizardry]

   It improves your spell success rate.
   It affects your intelligence (+3).
   It affects your willpower, your defense against some magical effects.
Wands
 k - a wand of polymorph (29)
 l - a wand of disintegration (5)
 t - a wand of acid (8)
 y - a wand of iceblast (25)
 C - a wand of random effects (59)
 K - a wand of paralysis (46)
 V - a wand of digging (20)
Scrolls
 e - 14 scrolls of identify
 g - a scroll of magic mapping
 n - 18 scrolls of teleportation
 v - 14 scrolls of remove curse
 x - 3 scrolls of amnesia
 G - 4 scrolls of fear
 I - a scroll of silence
 N - a scroll of holy word
 T - 4 scrolls of fog
 U - 4 scrolls of blinking
 W - 3 scrolls of enchant armour
Potions
 c - 4 potions of mutation
 h - 6 potions of might
 j - a potion of invisibility
 m - 5 potions of brilliance
 p - 14 potions of curing
 q - 6 potions of haste
 r - a potion of cancellation
 B - 9 potions of heal wounds
 D - 3 potions of flight
 F - 3 potions of resistance
 J - 6 potions of ambrosia
 Q - 3 potions of magic


   Skills:
 - Level 5.3 Fighting
 - Level 10.0 Short Blades
 - Level 8.6 Dodging
 - Level 9.3 Stealth
 - Level 4.0 Shields
 + Level 15.4 Spellcasting
 * Level 5.6 Summonings
 * Level 18.5 Necromancy
 - Level 1.1 Transmutations
 - Level 5.3 Ice Magic
 - Level 15.3 Earth Magic


You had 2 spell levels left.
You knew the following spells:

 Your Spells              Type           Power        Failure   Level
a - Sandblast             Erth           100%         0%          1
b - Passwall              Tmut/Erth      55%          1%          2
c - Stone Arrow           Conj/Erth      100%         1%          3
d - Lee's Rapid Deconstr  Erth           44%          1%          5
e - Simulacrum            Ice/Necr       50%          1%          6
f - Vampiric Draining     Necr           60%          0%          3
g - Borgnjor's Vile Clut  Necr/Erth      57%          1%          5
h - Sublimation of Blood  Necr           60%          0%          2
i - Animate Dead          Necr           60%          0%          4
j - Dispel Undead         Necr           100%         0%          4
k - Haunt                 Necr/Summ      50%          6%          7
l - Apportation           Tloc           48%          1%          1

Your spell library contained the following spells:

 Spells                   Type           Power        Failure   Level
 Animate Skeleton         Necr           100%         0%          1
 Pain                     Necr           100%         0%          1
 Corona                   Hex            26%          1%          1
 Magic Dart               Conj           96%          1%          1
 Summon Small Mammal      Summ           100%         1%          1
 Blink                    Tloc           N/A          1%          2
 Call Imp                 Summ           57%          1%          2
 Ensorcelled Hibernation  Hex/Ice        82%          1%          2
 Poisonous Vapours        Pois/Air       48%          1%          2
 Slow                     Hex            24%          1%          2
 Leda's Liquefaction      Hex/Erth       32%          1%          4
 Petrify                  Tmut/Erth      67%          1%          4
 Agony                    Necr           100%         1%          5
 Death Channel            Necr           60%          1%          6
 Confusing Touch          Hex            24%          3%          3
 Conjure Flame            Conj/Fire      24%          3%          3
 Gell's Gravitas          Tloc           12%          3%          3
 Inner Flame              Hex/Fire       24%          3%          3
 Mephitic Cloud           Conj/Pois/Air  24%          3%          3
 Portal Projectile        Hex/Tloc       48%          3%          3
 Summon Lightning Spire   Summ/Air       42%          3%          4
 Borgnjor's Revivificati  Necr           60%          3%          8
 Infestation              Necr           60%          3%          8
 Cause Fear               Hex            12%          11%         4
 Metabolic Englaciation   Hex/Ice        20%          11%         5
 Shadow Creatures         Summ           N/A          16%         6
 Yara's Violent Unravell  Hex/Tmut       14%          24%         5
 Silence                  Hex/Air        12%          28%         5
 Death's Door             Necr           60%          45%         9
 Necromutation            Tmut/Necr      46%          75%         8
 Conjure Ball Lightning   Conj/Air       12%          82%         6
 Tornado                  Air            12%          100%        9


Dungeon Overview and Level Annotations

Branches:
Dungeon (15/15)            Temple (1/1) D:4            Lair (6/6) D:11
 Shoals (4/4) Lair:4        Snake (1/4) Lair:2        Slime (0/5) Lair:5
    Orc (2/2) D:11            Elf (0/3) Orc:2        Vaults (0/5) D:13
 Depths (0/5) D:15        Ossuary (visited)           IceCv (visited)

Altars:
Ashenzari
Cheibriados
Dithmenos
Elyvilon
Fedhas
Gozag
Hepliaklqana
Kikubaaqudgha
Makhleb
Nemelex Xobeh
Okawaru
Qazlal
Ru
Sif Muna
Trog
Uskayaw
Vehumet
Wu Jian
Xom
Yredelemnul
Zin
The Shining One

Shops:
D:4 !   D:13 =   Orc:2 [*=(   Shoals:2 ==?:*

Annotations:
Lair:3 exclusion: 4 oklob plants
Lair:5 2 transporters, Sassenached's ghost, journeyman DrWn


Message History

Your phantasmal warrior disappears in a puff of smoke!
Your freezing wraith disappears in a puff of smoke!
Your wraith disappears in a puff of smoke!
You swap places.
The merfolk javelineer throws a silver javelin.
The silver javelin pierces through your merfolk simulacrum!!
The silver javelin pierces through you.
The silver javelin pierces through your merfolk simulacrum!!
Your shadow wraith hits the merfolk javelineer!!
Casting: Haunt (dangerous; 6% risk of failure)
Confirm with . or Enter, or press ? or * to list all spells.
You feel a surge of power!
You draw magical energy from your own body!
The merfolk javelineer throws a silver javelin.
The silver javelin pierces through your phantasmal warrior!
The silver javelin pierces through your merfolk simulacrum!
Your merfolk simulacrum vapourises!
The silver javelin pierces through you!!
You die...
Kikubaaqudgha rasps: "You have failed me!
Welcome... death!"

≈≈,,,,,,,.....**#.#m#≈##m≈Z≈≈≈≈≈≈
≈≈≈,,,,,,.....**,,m≈.≈m#≈≈≈m≈≈≈≈≈
≈≈≈≈≈,,,,..W..##,,*≈#≈≈#(≈≈m≈≈≈≈≈
≈≈≈≈≈≈≈,,≈...W..*###*##≈≈≈≈≈≈≈≈≈≈
≈≈≈..,≈≈≈≈≈..mW.##.##≈#≈≈≈≈≈≈≈≈≈≈
≈≈≈.##*≈≈≈≈...W§Z....≈≈≈≈≈≈≈≈≈≈≈≈
≈≈≈≈.##≈≈≈≈≈..○ZZ....$≈≈≈≈≈≈≈≈≈≈≈
..≈[...≈≈≈≈≈≈...Z≈≈.≈≈≈≈≈≈≈≈≈≈≈≈≈
....W..≈≈≈≈≈≈≈.Z@ZZ.≈≈≈≈≈≈≈≈≈≈≈≈≈
..WWmW.≈≈≈≈≈≈≈≈≈..(.≈≈≈≈≈≈≈≈≈≈≈≈≈
≈≈......≈≈≈≈≈≈≈≈..(.≈≈≈≈≈≈≈≈≈≈≈≈≈
.≈<≈)≈≈≈≈≈≈≈≈≈≈...(.(≈≈≈≈≈≈≈≈≈≈≈≈
.##.≈≈≈≈≈≈≈≈≈≈≈≈≈....≈≈≈≈≈≈≈≈≈≈≈≈
**##≈≈≈≈≈≈≈≈≈≈≈≈≈≈..≈≈≈≈≈≈≈≈≈≈≈≈≈
* #)≈≈≈≈≈≈)≈)≈.(.....≈≈≈≈≈≈≈≈≈≈≈
** ##.≈≈≈≈≈≈≈≈≈≈......≈≈≈≈,≈≈≈≈≈≈
,***,.≈≈≈≈≈≈≈<≈(≈≈≈≈.≈≈≈≈≈,,≈≈≈≈≈


You could see a merfolk javelineer, a friendly shadow wraith (summoned,
invisible), a friendly phantasmal warrior (summoned), a friendly phantom
(summoned), 3 friendly merfolk simulacra, 2 friendly merfolk zombies and 2
friendly merfolk skeletons.

Vanquished Creatures
  Rupert (D:12)
  Frances (Shoals:2)
  Kirke (D:12)
  An orc warlord (D:11)
  Nessos (D:15)
  A merfolk impaler (Shoals:4)
  A merfolk javelineer (Shoals:3)
  Snorg (Orc:2)
  Josephine (Orc:2)
  A fire dragon (D:13)
  Fannar (D:12)
  2 vault guards (D:13)
  12 hydras
  3 boulder beetles
  An alligator snapping turtle (Shoals:4)
  2 catoblepae
  A centaur warrior (D:13)
  5 two-headed ogres
  2 tengu warriors (D:13)
  An orc high priest (Orc:2)
  Nergalle (D:12)
  8 sea snakes
  An unseen horror (D:12)
  4 necromancers
  9 wizards
  5 orc knights
  3 deep elf magi
  An oklob plant (Lair:2)
  2 harpies (Shoals:2)
  6 ugly things
  8 fauns
  2 orc sorcerers (Orc:2)
  A wolf spider (Lair:6)
  3 cyclopes
  3 manticores
  4 merfolk sirens
  6 elephants (Lair:5)
  A centaur zombie (D:13)
  7 black mambas
  6 ice statues
  Maurice (D:10)
  A molten gargoyle (Lair:1)
  14 cane toads
  3 centaur skeletons
  6 rime drakes
  2 gargoyles
  7 komodo dragons
  A yaktaur (D:14)
  A kobold demonologist (D:12)
  An efreet (D:14)
  12 merfolk
  9 ice devils (IceCv)
  A wolf spider simulacrum (D:15)
  3 hornets
  A queen bee (Lair:3)
  A tengu conjurer (D:13)
  Grinder (D:6)
  14 trolls
  3 wind drakes
  5 blink frogs (Lair:3)
  4 polar bears
  3 snapping turtles
  4 dream sheep (Shoals:1)
  A redback (Lair:6)
  2 shadows (D:13)
  9 wraiths
  14 wyverns
  3 basilisks
  Sigmund (D:3)
  24 yaks
  Grum (Lair:1)
  3 hogs (D:12)
  A nameless horror (Shoals:3)
  A fire elemental (D:11)
  4 fire bats (D:11)
  14 humans (D:13)
  A steam dragon (Lair:2)
  Edmund (D:6)
  3 nagas (Lair:2)
  4 wargs
  28 water moccasins
  36 orc warriors
  4 black bears
  2 ice beasts
  2 eyes of draining
  3 boggarts (D:15)
  4 phantoms
  26 wolves
  11 ogres
  13 centaurs
  Blork the orc (D:6)
  6 big kobolds
  2 elf zombies (Ossuary)
  26 bullfrogs
  A wyvern zombie (D:14)
  3 scorpions
  57 killer bees
  A wight (D:12)
  6 howler monkeys
  10 electric eels
  2 bullfrog zombies
  A quasit (D:11)
  2 draconian simulacra (IceCv)
  16 orc priests
  7 hounds
  A jelly (D:5)
  Terence (D:3)
  A bullfrog skeleton (D:5)
  26 orc wizards
  7 worker ants
  4 iguanas
  A hell rat (Lair:3)
  A spriggan simulacrum (IceCv)
  2 troll simulacra (IceCv)
  A killer bee zombie (D:7)
  3 big kobold zombies (Ossuary)
  3 centaur simulacra (IceCv)
  A hound skeleton (D:10)
  Robin (D:2)
  A howler monkey zombie (D:11)
  3 mummies
  A gnoll (D:6)
  A naga simulacrum (IceCv)
  15 adders
  An ogre simulacrum (IceCv)
  2 river rats (Lair:3)
  5 shadow imps
  2 white imps
  An ufetubus (D:5)
  An adder skeleton (D:5)
  A dart slug (D:1)
  5 leopard geckos
  84 orcs
  6 bats
  4 giant cockroaches
  10 hobgoblins
  10 jackals
  21 kobolds
  4 quokkas
  A ball python (D:2)
  7 frilled lizards
  13 goblins
  2 goblin zombies
  7 hobgoblin zombies (Ossuary)
  2 jackal zombies (Ossuary)
  12 kobold zombies
  8 orc zombies (Ossuary)
  A quokka skeleton (D:6)
  6 rats
  2 rat zombies (Ossuary)
868 creatures vanquished.

Vanquished Creatures (collateral kills)
  An orc warlord (Orc:1)
  5 merfolk impalers
  A hydra (Lair:6)
  A two-headed ogre (D:15)
  A catoblepas (Lair:6)
  An ogre mage (D:15)
  Urug (Orc:2)
  A sea snake (Shoals:1)
  A lindwurm (Lair:6)
  A harpy (Shoals:2)
  2 manticores
  An orc sorcerer (D:15)
  4 fauns (Shoals:2)
  2 merfolk sirens
  2 black mambas (Lair:6)
  A cane toad (Lair:6)
  A guardian serpent (Lair:6)
  A troll (Orc:2)
  10 merfolk
  A hornet (Lair:6)
  A redback (Lair:6)
  5 humans (D:13)
  4 yaks (Lair:6)
  5 wyverns
  3 water moccasins (Lair:6)
  2 orc warriors (Orc:2)
  A wolf (Lair:2)
  2 centaurs (Lair:4)
  2 killer bees
  2 orc priests (D:13)
  6 orcs
  2 bushes
  2 plants
76 creatures vanquished.

Vanquished Creatures (others)
  73 fungi
  91 plants
  3 toadstools (D:4)
167 creatures vanquished.

Grand Total: 1111 creatures vanquished

Notes
Turn   | Place    | Note
-------+----------+-------------------------------------------
     0 | D:1      | raph the Deep Elf Earth Elementalist began the quest for
                  | the Orb.
     0 | D:1      | Reached XP level 1. HP: 10/10 MP: 6/6
   541 | D:1      | Reached XP level 2. HP: 15/15 MP: 6/8
   883 | D:1      | Learned a level 2 spell: Passwall
  1367 | D:2      | Reached XP level 3. HP: 19/19 MP: 7/9
  1571 | D:2      | Learned a level 3 spell: Stone Arrow
  1587 | D:2      | Reached XP level 4. HP: 24/24 MP: 4/11
  1935 | D:2      | Noticed Robin
  1937 | D:2      | Killed Robin
  2629 | D:3      | Reached XP level 5. HP: 20/28 MP: 11/13
  2645 | D:3      | Learned a level 5 spell: Lee's Rapid Deconstruction
  3024 | D:3      | Noticed Sigmund
  3038 | D:4      | Reached skill level 5 in Earth Magic
  3069 | D:4      | Noticed an ogre
  3076 | D:4      | Killed an ogre
  3243 | D:4      | Reached XP level 6. HP: 27/32 MP: 14/14
  3571 | D:4      | Found Bunajiro's Distillery.
  3819 | D:4      | Bought a potion of brilliance for 44 gold pieces
  3819 | D:4      | Bought a potion of haste for 110 gold pieces
  4306 | D:4      | Found a staircase to the Ecumenical Temple.
  4314 | Temple   | Entered the Ecumenical Temple
  4763 | Temple   | Became a worshipper of Kikubaaqudgha
  5111 | D:3      | Found a radiant altar of Vehumet.
  5194 | D:3      | Noticed Terence
  5359 | D:5      | Entered Level 5 of the Dungeon
  5484 | D:5      | Found a sacrificial altar of Ru.
  5508 | D:5      | Reached XP level 7. HP: 35/36 MP: 15/15
  5871 | D:5      | Found a sand-covered staircase.
  5874 | D:5      | Reached * piety under Kikubaaqudgha
  5874 | D:5      | Identified Kikubaaqudgha's Incunabulum of Necromancy
                  | (Kikubaaqudgha gifted it to you on level 5 of the Dungeon)
  5874 | D:5      | Received a gift from Kikubaaqudgha
  5880 | Ossuary  | Entered an ossuary
  6235 | Ossuary  | Reached ** piety under Kikubaaqudgha
  6236 | Ossuary  | Reached XP level 8. HP: 16/41 MP: 2/16
  6285 | Ossuary  | Reached skill level 10 in Earth Magic
  6745 | D:5      | Learned a level 1 spell: Animate Skeleton
  7062 | D:5      | Reached skill level 1 in Necromancy
  7398 | D:6      | Reached skill level 1 in Fighting
  8036 | D:6      | Noticed Edmund
  8044 | D:6      | Killed Edmund
  8045 | D:6      | Reached skill level 2 in Necromancy
  8258 | D:6      | Noticed Blork the orc
  8258 | D:6      | Noticed Grinder
  8271 | D:6      | Killed Blork the orc
  8468 | D:6      | Killed Grinder
  8469 | D:6      | Reached skill level 5 in Spellcasting
  8703 | D:6      | Reached XP level 9. HP: 48/48 MP: 18/18
  8775 | D:6      | Reached skill level 5 in Stealth
  8924 | D:6      | Reached skill level 3 in Necromancy
  9108 | D:6      | Found a shimmering blue altar of Sif Muna.
  9114 | D:6      | Identified Sif Muna's Compendium of Feathers
  9360 | D:6      | Found a bloodstained altar of Trog.
  9373 | D:6      | Reached skill level 5 in Dodging
  9644 | D:3      | Killed Sigmund
  9645 | D:3      | Reached skill level 1 in Short Blades
  9691 | D:3      | Killed Terence
  9820 | D:3      | Found a sacrificial altar of Ru.
 10031 | D:6      | Reached *** piety under Kikubaaqudgha
 10031 | D:6      | Identified Kikubaaqudgha's Papyrus of Evil (Kikubaaqudgha
                  | gifted it to you on level 6 of the Dungeon)
 10031 | D:6      | Received a gift from Kikubaaqudgha
 10032 | D:6      | Reached skill level 4 in Necromancy
 10037 | D:6      | Learned a level 3 spell: Vampiric Draining
 10447 | D:7      | Found a shimmering blue altar of Sif Muna.
 10987 | D:7      | Learned a level 5 spell: Borgnjor's Vile Clutch
 11320 | D:7      | Found an opulent altar of Gozag.
 11386 | D:7      | Found a hazy altar of Hepliaklqana.
 11389 | D:7      | Found a glowing silver altar of Zin.
 11447 | D:7      | Found a sparkling altar of Nemelex Xobeh.
 11583 | D:8      | Found a shadowy altar of Dithmenos.
 11587 | D:8      | Reached skill level 5 in Necromancy
 11873 | D:8      | Found a shadowy altar of Dithmenos.
 11890 | D:8      | Reached XP level 10. HP: 54/54 MP: 14/21
 12239 | D:8      | Found a basalt altar of Yredelemnul.
 12731 | D:9      | Reached **** piety under Kikubaaqudgha
 12859 | D:9      | Noticed a two-headed ogre
 12865 | D:9      | Killed a two-headed ogre
 13106 | D:9      | Reached skill level 6 in Necromancy
 13679 | D:10     | Entered Level 10 of the Dungeon
 14064 | D:10     | Identified the cursed +1 leather armour of the Devil's Team
                  | {*Drain rC+ MP+9 Slay+2}
 14414 | D:10     | Noticed Maurice
 14418 | D:10     | Killed Maurice
 14419 | D:10     | Reached skill level 5 in Short Blades
 14419 | D:10     | Reached skill level 7 in Necromancy
 14716 | D:10     | Noticed a two-headed ogre
 14721 | D:10     | Killed a two-headed ogre
 14722 | D:10     | Reached XP level 11. HP: 60/60 MP: 22/24
 15030 | D:10     | Found a stormy altar of Qazlal.
 15302 | D:11     | Noticed a boulder beetle
 15311 | D:11     | Killed a boulder beetle
 15478 | D:11     | Learned a level 2 spell: Sublimation of Blood
 15490 | D:11     | Reached ***** piety under Kikubaaqudgha
 15532 | D:11     | Found a staircase to the Orcish Mines.
 15757 | D:11     | Found a staircase to the Lair.
 16280 | D:11     | Reached skill level 8 in Necromancy
 16907 | D:12     | Noticed Kirke
 16913 | D:12     | Noticed a lindwurm
 16913 | D:12     | Killed Kirke
 17005 | D:12     | Learned a level 4 spell: Animate Dead
 17119 | D:12     | Noticed Fannar
 17125 | D:12     | Killed Fannar
 17467 | Lair:1   | Entered Level 1 of the Lair of Beasts
 17480 | D:11     | Reached skill level 9 in Necromancy
 17986 | D:11     | Reached XP level 12. HP: 67/67 MP: 26/26
 18192 | Lair:1   | Noticed an eight-headed hydra
 18198 | Lair:1   | Killed an eight-headed hydra
 18199 | Lair:1   | Reached skill level 1 in Shields
 18310 | Lair:1   | You fall into a shaft and drop 1 floor!
 18434 | Lair:2   | Found a staircase to the Snake Pit.
 19814 | Lair:1   | Noticed an eight-headed hydra
 19826 | Lair:1   | Killed an eight-headed hydra
 19947 | Lair:1   | Got a shimmering lapis lazuli ring
 19949 | Lair:1   | Identified the ring "Poapil Tadgh" {AC+4 Slay+6} (You found
                  | it on level 1 of the Lair of Beasts)
 19958 | Lair:1   | Noticed a seven-headed hydra
 19964 | Lair:1   | Killed a seven-headed hydra
 19974 | Lair:1   | Reached skill level 5 in Fighting
 19974 | Lair:1   | Reached skill level 10 in Necromancy
 19981 | Lair:1   | Noticed Grum
 19985 | Lair:1   | Killed Grum
 20829 | Snake:1  | Entered Level 1 of the Snake Pit
 21005 | Lair:3   | Noticed a four-headed hydra
 21017 | Lair:3   | Killed a four-headed hydra
 21022 | Lair:3   | Noticed a five-headed hydra
 21026 | Lair:3   | Killed a five-headed hydra
 21095 | Lair:3   | Noticed a catoblepas
 21188 | Lair:3   | Noticed a six-headed hydra
 21200 | Lair:3   | Killed a six-headed hydra
 21212 | Lair:3   | Noticed a seven-headed hydra
 21434 | Lair:3   | Killed a catoblepas
 22022 | Lair:2   | Reached XP level 13. HP: 67/72 MP: 25/28
 22078 | Lair:2   | Learned a level 6 spell: Simulacrum
 22426 | Lair:3   | Reached skill level 1 in Ice Magic
 22782 | Lair:3   | Reached ****** piety under Kikubaaqudgha
 23363 | Lair:4   | Reached skill level 10 in Spellcasting
 23363 | Lair:4   | Reached skill level 11 in Necromancy
 23785 | Lair:4   | Got a pair of faintly humming gloves
 23915 | Lair:3   | Identified the +1 pair of gloves "Caakhol" {Slay+3} (You
                  | found it on level 4 of the Lair of Beasts)
 24232 | Lair:4   | Found a staircase to the Shoals.
 24689 | Lair:4   | You fall into a shaft and drop 2 floors!
 24689 | Lair:6   | Entered Level 6 of the Lair of Beasts
 24782 | Lair:5   | Found a staircase to the Slime Pits.
 25030 | Lair:5   | Reached skill level 5 in Ice Magic
 25634 | Lair:4   | Reached skill level 12 in Necromancy
 25759 | Lair:4   | Identified a scroll of acquirement
 25760 | Lair:4   | Acquired an uncursed staff of death
 25918 | Lair:4   | Found a hazy altar of Hepliaklqana.
 26207 | Lair:5   | Reached skill level 10 in Short Blades
 26656 | Lair:5   | Found a transporter.
 26661 | Lair:5   | Noticed Sassenached's ghost (journeyman DrWn)
 26690 | Lair:5   | Found a transporter.
 27199 | Orc:1    | Entered Level 1 of the Orcish Mines
 27369 | Orc:1    | Noticed an orc warlord
 27461 | D:11     | Reached XP level 14. HP: 32/78 MP: 20/30
 27784 | D:11     | Killed an orc warlord
 28428 | Orc:2    | Entered Level 2 of the Orcish Mines
 28428 | Orc:2    | Noticed Snorg
 28437 | Orc:2    | Killed Snorg
 28721 | Orc:2    | Reached skill level 13 in Necromancy
 28731 | Orc:2    | Found Zeli Russ's General Store.
 28740 | Orc:2    | Noticed an orc warlord
 29325 | Orc:1    | Killed an orc warlord
 29341 | Orc:2    | Paralysed by an orc sorcerer for 7 turns
 29397 | Orc:2    | Noticed Josephine
 29565 | Orc:1    | Learned a level 4 spell: Dispel Undead
 29647 | Orc:2    | Killed Josephine
 29967 | Orc:2    | Found a staircase to the Elven Halls.
 30057 | Orc:2    | Found Coowi's Antique Armour Shop.
 30070 | Orc:2    | Noticed Urug
 30139 | Orc:2    | Killed Urug
 30814 | Orc:2    | Found Wiynu's Jewellery Shoppe.
 30833 | Orc:2    | Found Duapoc's Antique Weapon Shop.
 31153 | Orc:2    | Bought the amulet "Jovvizuxt" {Reflect Dex+4 SH+5} for 499
                  | gold pieces
 31701 | D:12     | Noticed Nergalle
 31709 | D:12     | Killed Nergalle
 32025 | D:12     | Reached skill level 14 in Necromancy
 32608 | D:12     | Noticed Rupert
 32611 | D:12     | Killed Rupert
 32835 | D:13     | Got a translucent copper ring
 33144 | D:12     | Identified the ring "Ibeudyr" {rF+ Int+3} (You found it on
                  | level 13 of the Dungeon)
 33697 | D:13     | Found Lanih's Jewellery Shoppe.
 33926 | D:13     | Reached skill level 15 in Necromancy
 34378 | D:13     | Reached XP level 15. HP: 82/82 MP: 23/33
 34755 | D:13     | Found a gate to the Vaults.
 35092 | D:14     | Found a frozen archway.
 35106 | IceCv    | Entered an ice cave
 36495 | D:14     | Found a broken altar of Ashenzari.
 37401 | D:14     | Reached skill level 16 in Necromancy
 37401 | D:14     | Reached skill level 15 in Earth Magic
 37536 | D:14     | Acquired a +1 cloak of preservation
 37925 | D:15     | Entered Level 15 of the Dungeon
 38403 | D:15     | Received a gift from Kikubaaqudgha
 38824 | D:15     | Found a staircase to the Depths.
 39141 | D:15     | Noticed Nessos
 39144 | D:15     | Killed Nessos
 39534 | Lair:6   | Learned a level 7 spell: Haunt
 39989 | Lair:6   | Reached skill level 17 in Necromancy
 41535 | Shoals:1 | Entered Level 1 of the Shoals
 42240 | Shoals:1 | Reached XP level 16. HP: 87/87 MP: 35/36
 42875 | Shoals:2 | Found Xuunevu's Jewellery Emporium.
 42951 | Shoals:2 | Bought the amulet "Noridonexu" {Reflect rPois rC+ Int+3
                  | SH+5} for 817 gold pieces
 43041 | Shoals:2 | Found Rigoam's Jewellery Emporium.
 43050 | Shoals:2 | Bought the ring of the Mage {Wiz Will++ Int+3} for 723 gold
                  | pieces
 43050 | Shoals:2 | Found the ring of the Mage {Wiz Will++ Int+3}
 43062 | Shoals:2 | Reached skill level 1 in Summonings
 43106 | Shoals:2 | Reached skill level 15 in Spellcasting
 43374 | Shoals:2 | Noticed Frances
 43388 | Shoals:2 | Killed Frances
 43389 | Shoals:2 | Reached skill level 18 in Necromancy
 44279 | Shoals:2 | Found Zonnoar's Assorted Antiques.
 44292 | Shoals:2 | Bought a potion of heal wounds for 150 gold pieces
 44292 | Shoals:2 | Bought a scroll of blinking for 225 gold pieces
 44688 | Shoals:2 | Found Nako's Magic Scroll Shoppe.
 44691 | Shoals:2 | Bought a scroll of magic mapping for 66 gold pieces
 44712 | Shoals:2 | Found Fifypra's Book Boutique.
 45007 | Shoals:3 | Learned a level 1 spell: Apportation
 45890 | Shoals:4 | Entered Level 4 of the Shoals
 46545 | Shoals:4 | Reached skill level 5 in Summonings
 47205 | Shoals:4 | Hit by a silver javelin thrown by a merfolk javelineer

Illustrated notes

Levels and vault maps discovered:
D:1:      nicolae_arrival_somewhat_less_tricky_arrival, layout_basic
D:2:      layout_loops_ring, uniq_robin
D:3:      layout_basic, vehumet_crystals, chequers_serial_rivers_micro_b,
          nicolae_ru_awakened_eye, uniq_sigmund, uniq_terence
D:4:      layout_basic, minmay_temple_entry_overgrown, serial_shops,
          kennysheep_mini_moat, minmay_gold_behind_fungi,
          chequers_serial_rivers_large_b
D:5:      cheibrodos_thug_alley, layout_cave_pools, overflow_temple_1_default,
          nicolae_ossuary_entry_giza
D:6:      layout_basic, nzn_overflow_gifts_of_might_and_magic,
          minmay_divided_ellipse, uniq_edmund, uniq_blork_the_orc, uniq_grinder
D:7:      layout_basic, nemelex_xobeh_ov_fountains_minmay,
          minmay_overflow_temple_star_quad, basic_altar
D:8:      layout_cave_pools, lemuel_round_altar, lemuel_coloured_pillars_altar,
          grunt_dithmenos_shadows
D:9:      layout_long_grid
D:10:     layout_loops_corners, basic_altar, uniq_maurice
D:11:     layout_loops_ring, lair_entry_dummy, david_orc_2,
          gauntlet_entry_generic, minivault_25, water_boxes_lemuel
D:12:     minmay_razor_zed, layout_basic, serial_bayou_pond_d,
          minmay_more_statues, uniq_rupert, uniq_nergalle, uniq_kirke,
          uniq_fannar
D:13:     layout_rooms, grunt_vaults_entry_tiered, serial_shops,
          nicolae_shop_trees, grunt_tough_drop
D:14:     minmay_wizard_corner, layout_loops_ring, nicolae_ashenzari_panopticon,
          portal_ice_cave_entry_pillars_2
D:15:     grunt_enter_depths_magical_seal, layout_cave_pods,
          minmay_stone_trees_large, uniq_nessos
Temple:   hc_temple_tempest_star
Lair:1:   layout_gridlike, uniq_grum
Lair:2:   layout_cave_shapes, minmay_snake_entry_guardpost_small,
          enter_volcano_4, serial_bayou_shore_b, lemuel_fruit_tree,
          infiniplex_staircase_pool, minmay_lair_oklob_chamber,
          serial_bayou_shore_a
Lair:3:   hangedman_what_comes_after_a, layout_regular_city
Lair:4:   layout_regular_city, elwin_shoals_entry_rocks, lemuel_centaur_altar
Lair:5:   layout_cave_pods, slime_dummy, gammafunk_ghost_berserking_beasts,
          chequers_serial_rivers_small_b, minivault_11, minmay_hedge_maze
Lair:6:   hangedman_lair_tendril_chambers, layout_regular_city,
          serial_bayou_pond_e, disabler_island
Shoals:1: layout_shoals
Shoals:2: layout_shoals, serial_shops, nicolae_shop_behind_doors,
          nicolae_shop_behind_doors, nicolae_shop_window_shopping,
          nicolae_shop_waterfront, nicolae_shop_waterfront,
          nicolae_shoals_circle_sea_wall, uniq_frances
Shoals:3: layout_shoals
Shoals:4: shoals_end_grunt_ice, layout_shoals, nicolae_shoals_hunting_party
Snake:1:  layout_onion_interference, uniq_aizul
Orc:1:    layout_diamond_mine
Orc:2:    grunt_orc_gardens, layout_caves, grunt_orc_garden, grunt_orc_garden,
          grunt_orc_garden, grunt_orc_garden, uniq_snorg, uniq_josephine,
          uniq_urug

Skill      XL: |  1  2  3  4  5  6  7  8  9 10 11 12 13 14 15 16 |
---------------+-------------------------------------------------+-----
Stealth        | 3 4 6 7 8 9 |  9.3
Dodging        | 3 4 5 6 7 8 |  8.6
Earth Magic    | 4 6 7 9 10 11 12 13 14 15 | 15.3
Spellcasting   | 4 5 6 7 8 9 10 12 14 15 | 15.4
Necromancy     | 2 5 7 9 10 12 15 17 18 | 18.5
Fighting       | 1 2 3 4 5 |  5.3
Short Blades   | 3 5 7 8 10 | 10.0
Shields        | 3 4 |  4.0
Ice Magic      | 5 |  5.3
Summonings     | 5 |  5.6
Transmutations | |  1.1

Action                   |  1- 3 |  4- 6 |  7- 9 | 10-12 | 13-15 | 16-18 || total
-------------------------+-------+-------+-------+-------+-------+-------++-------
Melee: Whip              |    22 |       |       |       |       |       ||    22
       Short sword       |    12 |   105 |     7 |       |       |       ||   124
       Staff             |       |       |    87 |    27 |    27 |     6 ||   147
       Dagger            |       |       |    13 |    66 |   375 |    57 ||   511
 Cast: Sandblast         |    29 |    24 |    18 |     4 |     4 |       ||    79
       Stone Arrow       |       |    32 |    73 |    95 |   107 |    23 ||   330
       Lee's Rapid Decon |       |     2 |    58 |   108 |   226 |    15 ||   409
       Passwall          |       |     1 |       |       |     4 |       ||     5
       Animate Skeleton  |       |       |     4 |     8 |       |       ||    12
       Borgnjor's Vile C |       |       |     1 |    47 |    84 |    46 ||   178
       Vampiric Draining |       |       |       |     1 |    15 |    10 ||    26
       Animate Dead      |       |       |       |     1 |    11 |     7 ||    19
       Simulacrum        |       |       |       |       |    60 |    22 ||    82
       Dispel Undead     |       |       |       |       |    19 |       ||    19
       Sublimation of Bl |       |       |       |       |     2 |     1 ||     3
       Haunt             |       |       |       |       |       |    14 ||    14
       Apportation       |       |       |       |       |       |     1 ||     1
Invok: Receive Corpses   |       |       |       |     1 |     7 |     5 ||    13
       Receive Necronomi |       |       |       |       |     1 |       ||     1
  Use: Scroll            |       |    10 |    16 |    10 |    14 |     5 ||    55
       Potion            |       |       |     1 |       |       |     1 ||     2
 Stab: Sleeping          |     5 |     8 |     1 |     2 |    11 |     3 ||    30
       Distracted        |       |       |       |       |     1 |       ||     1
Armor: Robe              |    11 |    26 |    37 |     5 |       |       ||    79
       Leather armour    |       |       |       |    42 |   112 |    15 ||   169
Dodge: Dodged            |    26 |    95 |    75 |   145 |   304 |    73 ||   718
Block: Other             |     6 |    26 |    30 |    18 |       |       ||    80
       Reflection        |       |       |       |     1 |    30 |    20 ||    51
       Buckler           |       |       |       |    68 |   315 |    76 ||   459
